 Dungeon Crawl Stone Soup version 5.7-8-g3a8b389 (webtiles) character file.

1851 Minorbread the Basher (level 10, -2/94 HPs)
             Began as a Minotaur Berserker on Mar 14, 2019.
             Was a High Priest of Trog.
             Slain by a yak (7 damage)
             ... on level 9 of the Dungeon.
             The game lasted 00:13:22 (7246 turns).

Minorbread the Basher (Minotaur Berserker)          Turns: 7246, Time: 00:13:22

Health: -2/94      AC: 19 (44%)Str: 26  XL:     10   Next: 33%
Magic:  11/11      EV:  5    Int:  9    God:    Trog [5*[124]]
Gold:   612        SH:  0    Dex:  9    Spells: 15/15 levels left

rFire    + . .     SeeInvis .   F - +1 mace (devast)
rCold    + . .     Faith    .   (no shield)
rNeg     + . .     Spirit   .   p - +0 gold dragon scales
rPois    +         Reflect  .   (helmet restricted)
rElec    .                      z - +0 cloak
rCorr    .                      j - +0 pair of gloves
MR       ++...                  (no boots)
Stlth    ..........             (no amulet)
Regen    1.3/turn               (no ring)
MPRegen  0.2/turn               (no ring)

@: exhausted, regenerating, slowed, very slow
A: retaliatory headbutt, hooves 1, horns 2, camouflage, clever, negative energy
resistance 1
a: Berserk, Trog's Hand, Brothers in Arms, Renounce Religion


You were on level 9 of the Dungeon.
You worshipped Trog.
Trog was extremely pleased with you.
You were not hungry.

You visited 1 branch of the dungeon, and saw 9 of its levels.
You also visited: Sewer and Ossuary.

You collected 612 gold pieces.

Inventory:

Hand Weapons
 F - a +1 mace of devastation (weapon)
Missiles
 c - 306 poisoned darts (quivered)
 k - 103 javelins
 y - 22 frenzy darts
Armour
 j - a +0 pair of gloves (worn)
 p - +0 gold dragon scales (worn)
 z - a +0 cloak (worn)
Jewellery
 w - an uncursed amulet of guardian spirit
 B - an uncursed ring of ice
Wands
 b - a wand of lightning (5)
 v - a wand of paralysis (10)
 E - a wand of digging (5)
Scrolls
 d - 5 scrolls of teleportation
 g - 4 scrolls of enchant armour
 h - 3 scrolls of blinking
 i - 2 scrolls of fog
 l - 7 scrolls of enchant weapon
 m - 6 scrolls of fear
 r - a scroll of summoning
 t - a scroll of magic mapping
 x - a scroll of silence
Potions
 e - 4 potions of augmentation
 f - 6 potions of heal wounds
 n - 3 potions of ambrosia
 o - 2 potions of invisibility
 q - 4 potions of magic
 s - 2 potions of haste
 u - 3 potions of lignification
 A - 3 potions of cancellation
 C - a potion of berserk rage
 D - 2 potions of mutation


   Skills:
 + Level 10.4 Fighting
 * Level 13.2 Maces & Staves
 + Level 8.3 Armour
 - Level 2.1 Dodging


You had 15 spell levels left.
You didn't know any spells.
Your spell library contained the following spells:

 Spells                   Type           Power        Failure   Level  Hunger
 Magic Dart               Air            0 (25)       100%        1    N/A
 Mephitic Cloud           Hex/Air        0 (100)      100%        4    N/A
 Repel Missiles           Chrm/Air       0 (100)      100%        2    N/A
 Swiftness                Chrm/Air       0 (100)      100%        2    N/A
 Static Discharge         Air            0 (100)      100%        3    N/A
 Fulminant Prism          Air            0 (200)      100%        5    N/A

Dungeon Overview and Level Annotations

Branches:
Dungeon (9/15)

Altars:
Cheibriados
Dithmenos
Elyvilon
Gozag
Jiyva
Kikubaaqudgha
Lugonu
Makhleb
Nemelex Xobeh
Okawaru
Qazlal
Ru
Sif Muna
Trog
Uskayaw
Vehumet
Wu Jian
Xom
Yredelemnul
Zin
The Shining One


Innate Abilities, Weirdness & Mutations

You reflexively headbutt those who attack you in melee.
You have a pair of horns on your head.
You have large cloven feet.
Your skin blends seamlessly with your surroundings (Stealth+++).
Your mind is acute. (Int +5)
You resist negative energy. (rN+)


Message History

* * * LOW HITPOINT WARNING * * *
The yak gores you but does no damage. The yak barely misses you.
You hit the yak (1).
The blow is devastating (2)!
You kick the yak (1). You headbutt the yak (11)!
The yak is almost dead.
The yak gores you but does no damage. x2; The yak barely misses you.
The yak gores you (9)!
* * * LOW HITPOINT WARNING * * *
Your skin crawls.
You feel resistant to hostile enchantments.
The yak gores you but does no damage. x2
You completely miss the yak. You kick the yak, but do no damage.
You headbutt the yak, but do no damage.
The yak is almost dead.
The yak gores you (6).
* * * LOW HITPOINT WARNING * * *
The yak gores you but does no damage. The yak gores you (7)!
* * * LOW HITPOINT WARNING * * *
The yak gores you (7)!
You die...

###########.#
#........(...#
#............#
#............#..
#...............
#...........?.#
#.....Y[.....(#
#....@........#
#....Y).......#
#.............##
#..............>
#............###
##+###.####+#..#
#.# .. #.# #.#


You could see 2 yaks.

Vanquished Creatures
  A two-headed ogre (D:8)
  A wraith (Ossuary)
  Eustachio (D:4)
  3 yaks (D:9)
  2 angry ghosts
  A steam dragon (D:8)
  A water moccasin (D:5)
  2 orc warriors
  A spiny frog skeleton (D:8)
  2 black bears
  5 centaurs
  3 ogres
  A rime drake zombie (D:7)
  2 bullfrogs
  A water moccasin zombie (D:6)
  A wyvern skeleton (D:7)
  2 scorpions (D:3)
  4 crimson imps
  5 killer bees
  3 howler monkeys
  A quasit (D:7)
  2 gnoll shamans (D:5)
  2 hounds
  3 centaur skeletons
  5 orc priests
  4 worker ants
  6 orc wizards
  5 iguanas
  A hound zombie (D:5)
  3 mummies (Ossuary)
  A hound skeleton (D:5)
  A howler monkey skeleton (D:6)
  8 gnolls (D:5)
  11 adders
  3 shadow imps
  2 oozes (Sewer)
  An adder skeleton (D:5)
  3 dart slugs
  13 orcs
  9 quokkas
  3 giant cockroaches (D:1)
  A gnoll zombie (Ossuary)
  9 goblins
  9 hobgoblins
  3 jackals (D:4)
  8 kobolds
  14 ball pythons
  8 bats
  7 frilled lizards
  A goblin zombie (Ossuary)
  6 hobgoblin zombies (Ossuary)
  2 kobold zombies (Ossuary)
  33 rats
230 creatures vanquished.

Vanquished Creatures (collateral kills)
  A bullfrog (Sewer)
  An adder (Sewer)
  An ooze (Sewer)
  2 ball pythons (Sewer)
  A frilled lizard (Sewer)
6 creatures vanquished.

Grand Total: 236 creatures vanquished

Notes
Turn   | Place    | Note
-------+----------+-------------------------------------------
     0 | D:1      | Minorbread the Minotaur Berserker began the quest for the Orb.
     0 | D:1      | Reached XP level 1. HP: 19/19 MP: 1/1
    70 | D:1      | Reached skill level 4 in Maces & Staves
   143 | D:1      | Reached XP level 2. HP: 24/26 MP: 2/2
   368 | D:1      | Reached XP level 3. HP: 32/33 MP: 3/3
   711 | D:1      | Reached ** piety under Trog
   712 | D:1      | Reached skill level 5 in Maces & Staves
  1020 | D:1      | Gained mutation: Your skin blends seamlessly with your surroundings (Stealth+++). [mutagenic hatch]
  1396 | D:2      | Found a burning altar of Makhleb.
  1396 | D:2      | Found a hide-covered altar of Uskayaw.
  1398 | D:2      | Found a sparkling altar of Nemelex Xobeh.
  1407 | D:2      | Found a faded altar of an unknown god.
  1535 | D:2      | Found a white marble altar of Elyvilon.
  1541 | D:2      | Found a shimmering altar of Xom.
  1541 | D:2      | Found a deep blue altar of Sif Muna.
  1541 | D:2      | Found a shadowy altar of Dithmenos.
  1541 | D:2      | Found a stormy altar of Qazlal.
  1541 | D:2      | Found a snail-covered altar of Cheibriados.
  1542 | D:2      | Found a glowing silver altar of Zin.
  1543 | D:2      | Found a sacrificial altar of Ru.
  1544 | D:2      | Found a glowing golden altar of the Shining One.
  1545 | D:2      | Found an ancient bone altar of Kikubaaqudgha.
  1546 | D:2      | Found a bloodstained altar of Trog.
  1583 | D:3      | Reached XP level 4. HP: 41/41 MP: 4/4
  1655 | D:3      | Reached skill level 5 in Fighting
  1680 | D:3      | Reached XP level 5. HP: 48/48 MP: 5/5
  1681 | D:3      | Reached skill level 6 in Maces & Staves
  1723 | D:3      | Found a sacrificial altar of Ru.
  1862 | D:3      | Noticed a centaur
  1868 | D:3      | Killed a centaur
  1868 | D:3      | Reached XP level 6. HP: 40/57 MP: 6/6
  1882 | D:3      | Reached skill level 7 in Maces & Staves
  2562 | D:4      | Reached *** piety under Trog
  2748 | D:4      | Reached skill level 8 in Maces & Staves
  2748 | D:4      | Reached XP level 7. HP: 63/63 MP: 8/8
  2805 | D:4      | Found an ornate altar of the Wu Jian Council.
  2903 | D:4      | Noticed Eustachio
  2912 | D:4      | Killed Eustachio
  2958 | D:4      | Found a glowing drain.
  3012 | Sewer    | Entered a sewer
  3096 | Sewer    | Reached **** piety under Trog
  3281 | Sewer    | Reached skill level 9 in Maces & Staves
  3282 | Sewer    | Reached XP level 8. HP: 23/73 MP: 9/9
  3735 | D:4      | Gained mutation: You are clumsy. (Dex -5) [mutagenic hatch]
  3735 | D:5      | Entered Level 5 of the Dungeon
  3802 | D:5      | Found an opulent altar of Gozag.
  3965 | D:5      | Reached skill level 5 in Armour
  3979 | D:5      | Reached skill level 10 in Maces & Staves
  4309 | D:5      | Found a basalt altar of Yredelemnul.
  4330 | D:5      | Found a corrupted altar of Lugonu.
  4330 | D:5      | Found a viscous altar of Jiyva.
  4332 | D:5      | Found an iron altar of Okawaru.
  4332 | D:5      | Found a radiant altar of Vehumet.
  4803 | D:5      | Gained mutation: You are weak. (Str -5) [mutagenic hatch]
  4925 | D:6      | Lost mutation: You are clumsy. (Dex -5) [potion of mutation]
  4925 | D:6      | Lost mutation: Your skin blends seamlessly with your surroundings (Stealth+++). [potion of mutation]
  4925 | D:6      | Lost mutation: You are weak. (Str -5) [potion of mutation]
  4925 | D:6      | Gained mutation: Your skin blends seamlessly with your surroundings (Stealth+++). [potion of mutation]
  4925 | D:6      | Gained mutation: You have large cloven feet. [potion of mutation]
  5127 | D:6      | Reached XP level 9. HP: 71/82 MP: 10/10
  5156 | D:6      | Reached skill level 11 in Maces & Staves
  5868 | D:7      | Found a shimmering altar of Xom.
  6062 | D:7      | Found a sand-covered staircase.
  6155 | Ossuary  | Entered an ossuary
  6770 | D:7      | Gained mutation: You resist negative energy. (rN+) [mutagenic hatch]
  6782 | D:8      | Reached skill level 12 in Maces & Staves
  6813 | D:8      | Reached ***** piety under Trog
  6944 | D:8      | Noticed a two-headed ogre
  6952 | D:8      | Killed a two-headed ogre
  6952 | D:8      | Reached skill level 10 in Fighting
  6952 | D:8      | Reached XP level 10. HP: 93/93 MP: 11/11
  7222 | D:8      | Gained mutation: Your mind is acute. (Int +5) [mutagenic hatch]
  7229 | D:9      | Reached skill level 13 in Maces & Staves
  7246 | D:9      | Slain by a yak

Skill      XL: |  1  2  3  4  5  6  7  8  9 10 |
---------------+-------------------------------+-----
Maces & Staves | 4 5 6 8 9 10 12 13 | 13.2
Fighting       | 4 5 6 7 8 10 | 10.4
Armour         | 4 5 7 8 |  8.3
Dodging        | |  2.1

Action                   |  1- 3 |  4- 6 |  7- 9 | 10-12 || total
-------------------------+-------+-------+-------+-------++-------
Melee: Mace              |    85 |    89 |   468 |    55 ||   697
       Headbutt          |    14 |    13 |    77 |     8 ||   112
       Kick              |       |       |    65 |    22 ||    87
Invok: Berserk           |       |     3 |     6 |     1 ||    10
       Trog's Hand       |       |       |     1 |     1 ||     2
       Brothers in Arms  |       |       |     1 |       ||     1
  Use: Potion            |       |       |     1 |       ||     1
 Stab: Sleeping          |    14 |     8 |       |       ||    22
Armor: Animal skin       |    15 |     8 |       |       ||    23
       Chain mail        |       |    16 |     9 |       ||    25
       Gold dragon scale |       |       |   570 |    69 ||   639
Dodge: Dodged            |    53 |    61 |   133 |    10 ||   257
